AoeStats
← červene malborky

Black Forest

510815011Analyzed
2v2 RM · 21h ago on Oct 2, 2026· 54m 58s· 4 players
Game mode
Random Map
Map size
Medium (4 player)
Population
200
Speed
Normal
Resources
Standard
Victory
Conquest
Starting age
Dark Age
Ending age
Imperial Age
RankedLock teamsTeams togetherTeam positionsShared explorationLock speedFull tech treeHidden civsTurbo modeCheats
Victory
Defeat
🇬🇧 Britons · United Kingdom
819
+15
🇵🇹 Persians · Portugal
778
+16
🇸🇰 Romans · Slovakia
847
-18
🇸🇰 Huns · Slovakia
731
-13
*.
0:30 Loom
11:38 Feudal Age
12:30 Double-Bit Axe
12:41 Gold Mining
15:19 Wheelbarrow
16:10 Horse Collar
18:17 Scale Mail Armor
17:40 Man-at-Arms
19:15 Forging
19:02 Stone Mining
23:20 Castle Age
24:37 Chain Mail Armor
24:58 Iron Casting
23:48 Long Swordsman
24:32 Squires
25:19 Bow Saw
25:23 Heavy Plow
26:36 Gold Shaft Mining
27:30 Hand Cart
27:27 Scale Barding Armor
28:50 Chain Barding Armor
35:27 Imperial Age
34:09 Bloodlines
33:59 Husbandry
35:43 Legionary
37:08 Conscription
37:57 Plate Barding Armor
38:57 Blast Furnace
39:28 Caravan
40:16 Comitatenses
40:15 Elite Centurion
41:15 Fortified Wall
41:27 Masonry
42:13 Crop Rotation
červene malborky
1:51 Loom
16:31 Feudal Age
16:54 Horse Collar
24:54 Castle Age
25:06 Double-Bit Axe
27:54 Bow Saw
27:46 Heavy Plow
27:50 Caravan
35:08 Imperial Age
34:32 Stone Mining
34:34 Gold Mining
35:41 Wheelbarrow
34:51 Town Watch
35:30 Scale Barding Armor
35:30 Scale Mail Armor
36:40 Gold Shaft Mining
37:10 Padded Archer Armor
37:00 Fletching
37:20 Forging
37:26 Chain Mail Armor
37:57 Parthian Tactics
39:04 Two-Man Saw
38:54 Hand Cart
39:34 Masonry
40:25 Chemistry
39:21 Murder Holes
38:54 Pikeman
38:55 Man-at-Arms
41:15 Ballistics
40:56 Heavy Cavalry Archer
42:24 Town Patrol
42:46 Conscription
42:04 Elite Tarkan
44:33 Coinage
44:16 Guilds
43:47 Crossbowman
43:50 Elite Skirmisher
44:37 Thumb Ring
43:54 Long Swordsman
43:55 Halberdier
44:35 Squires
44:21 Arson
44:43 Husbandry
46:43 Chain Barding Armor
46:59 Iron Casting
46:19 Bodkin Arrow
46:40 Leather Archer Armor
46:09 Sappers
49:53 Cavalier
CristianDior
15:03 Feudal Age
16:24 Wheelbarrow
15:35 Town Watch
15:33 Horse Collar
15:52 Stone Mining
15:54 Gold Mining
15:52 Double-Bit Axe
22:02 Castle Age
22:58 Hand Cart
22:47 Heavy Plow
23:01 Bow Saw
23:30 Gold Shaft Mining
29:49 Imperial Age
28:32 Padded Archer Armor
28:23 Fletching
28:59 Fortified Wall
29:18 Ballistics
31:23 Leather Archer Armor
31:04 Bodkin Arrow
32:32 Elite Longbowman
35:21 Chemistry
37:00 Ring Archer Armor
36:34 Bracer
40:45 Caravan
41:02 Town Patrol
40:40 Pikeman
41:21 Squires
42:30 Scale Mail Armor
43:01 Forging
55:39 Chain Mail Armor
56:00 Iron Casting
phonzY
0:33 Loom
15:41 Feudal Age
15:59 Horse Collar
20:46 Stone Mining
20:46 Gold Mining
24:19 Castle Age
23:38 Wheelbarrow
22:49 Town Watch
24:17 Double-Bit Axe
24:46 Heavy Plow
25:23 Stone Shaft Mining
25:29 Gold Shaft Mining
25:32 Scale Barding Armor
25:43 Forging
27:03 Bow Saw
27:23 Chain Barding Armor
27:50 Iron Casting
31:02 Hand Cart
34:50 Imperial Age
36:03 Conscription
35:03 Elite War Elephant
36:24 Plate Barding Armor
36:50 Blast Furnace
36:48 Caravan
36:59 Caravan
37:30 Coinage
38:47 Town Patrol
39:45 Crop Rotation
43:19 Two-Man Saw
42:32 Devotion
43:22 Banking
43:03 Guilds
43:43 Banking
43:24 Guilds
48:38 Faith
50:22 Hand Cart
Connection lost

Rejoining the realm…

Still unreachable

The connection could not be restored.

Session expired

The server has moved on; the page needs a fresh start.